 Dungeon Crawl Stone Soup version 0.24-a0-458-gfcb5e6da0e (webtiles) character file.

Game seed: 1942131679795697637

4169 Krouwed the Artisan of Death (level 10, 0/115 HPs)
             Began as a Human Necromancer on June 26, 2019.
             Was a Priest of Kikubaaqudgha.
             Succumbed to a queen bee's poison
             ... on level 10 of the Dungeon.
             The game lasted 00:39:37 (10771 turns).

Krouwed the Artisan of Death (Human Necromancer)   Turns: 10771, Time: 00:39:38

Health: 0/115      AC: 28    Str: 13    XL:     10   Next: 53%
Magic:  3/19       EV:  2    Int: 18    God:    Kikubaaqudgha [***...]
Gold:   535        SH:  7    Dex: 18    Spells: 7/21 levels left

rFire    . . .     SeeInvis .   E - +6 falchion of the Pits of Slime {slice, rElec Str+3}
rCold    . . .     Gourm    .   s - +1 buckler
rNeg     + + +     Faith    .   (armour currently unavailable)
rPois    +         Spirit   .   (helmet currently unavailable)
rElec    +         Reflect  .   (cloak currently unavailable)
rCorr    .         Harm     .   (gloves currently unavailable)
MR       +....     NoTele   +   (boots currently unavailable)
Stlth    +++.......             r - amulet of the acrobat
HPRegen  0.29/turn              N - ring of protection from magic
MPRegen  0.16/turn              y - +3 ring of protection

@: agile, lethally poisoned (0 -> -9), tree-form, studying Shields
A: no striking features
a: Receive Corpses, Renounce Religion


You were on level 10 of the Dungeon.
You worshipped Kikubaaqudgha.
Kikubaaqudgha was most pleased with you.
You were not hungry.
You were a tree.
You visited 2 branches of the dungeon, and saw 10 of its levels.
You also visited: Ossuary.

You collected 535 gold pieces.

Inventory:

Hand Weapons
 a - a +4 short sword of speed
 j - a +0 mace
 k - a +0 whip
 E - the +6 falchion of the Pits of Slime (weapon) {slice, rElec Str+3}
   (You found it on level 5 of the Dungeon)

   It inflicts extra damage upon your enemies.
   It affects your strength (+3).
   It insulates you from electricity.
Missiles
 G - a poisoned dart (quivered)
 H - 2 javelins
Armour
 b - a +0 leather armour (melded)
 e - a +0 pair of gloves (melded)
 g - a scarf of cloud immunity (melded)
 s - a +1 buckler (worn)
 L - a +2 helmet (melded)
Jewellery
 m - an uncursed ring of resist corrosion
 r - an amulet of the acrobat (around neck)
 y - a +3 ring of protection (right branch)
 F - an uncursed ring of see invisible
 N - a ring of protection from magic (left branch)
Wands
 l - a wand of disintegration (11)
 x - a wand of flame (14)
Scrolls
 f - a scroll of fog {unknown}
 p - a scroll of magic mapping
 t - 5 scrolls of teleportation
 u - 5 scrolls of remove curse {unknown}
 v - a scroll of amnesia {unknown}
 w - 2 scrolls of enchant armour
 z - a scroll of noise
 A - 2 scrolls of identify
 C - a scroll of enchant weapon {unknown}
Potions
 d - a potion of ambrosia {unknown}
 h - a potion of haste {unknown}
 i - 2 potions of brilliance
 o - a potion of degeneration
 q - 2 potions of flight
 B - 2 potions of magic
 D - a potion of lignification
 I - 2 potions of agility
 K - a potion of resistance {unknown}
Books
 M - a manual of Shields
Comestibles
 c - 5 rations


   Skills:
 + Level 6.3 Fighting
 - Level 2.0 Dodging
 - Level 2.0 Stealth
 + Level 7.5 Shields
 + Level 6.2 Spellcasting
 + Level 10.3 Necromancy


You had 7 spell levels left.
You knew the following spells:

 Your Spells              Type           Power        Failure   Level  Hunger
a - Pain                  Necr           ####         1%          1    None
b - Animate Skeleton      Necr           N/A          1%          1    None
c - Vampiric Draining     Necr           #####.....   1%          3    ##.....
d - Animate Dead          Necr           N/A          1%          4    ####...
e - Dispel Undead         Necr           #####...     4%          5    #####..

Your spell library contained the following spells:

 Spells                   Type           Power        Failure   Level  Hunger
 Sublimation of Blood     Necr           #####.....   1%          2    None
 Regeneration             Chrm/Necr      ###.......   4%          3    ##.....
 Magic Dart               Conj           #...         12%         1    None
 Blink                    Tloc           N/A          19%         2    None
 Call Imp                 Summ           #.......     19%         2    None
 Searing Ray              Conj           #.....       19%         2    None
 Slow                     Hex            #.......     19%         2    None
 Death Channel            Necr           #####.....   26%         6    #######
 Conjure Flame            Conj/Fire      #.......     34%         3    ##.....
 Dazzling Spray           Conj/Hex       #.....       34%         3    ##.....
 Mephitic Cloud           Conj/Pois/Air  #.......     34%         3    ##.....
 Bolt of Draining         Conj/Necr      ###.......   36%         5    #####..
 Borgnjor's Vile Clutch   Necr/Erth      ###.......   36%         5    #####..
 Force Lance              Conj/Tloc      #.......     75%         4    ####...
 Fulminant Prism          Conj/Hex       #.........   75%         4    ####...
 Iskenderun's Mystic Bla  Conj           #.......     75%         4    ####...
 Simulacrum               Ice/Necr       ###.......   91%         6    #######


Dungeon Overview and Level Annotations

Branches:
Dungeon (10/15)            Temple (1/1) D:4
   Lair: D:8-11         Orc: D:9-12

Altars:
Ashenzari
Cheibriados
Dithmenos
Elyvilon
Fedhas
Gozag
Hepliaklqana
Kikubaaqudgha
Makhleb
Nemelex Xobeh
Okawaru
Qazlal
Sif Muna
Trog
Uskayaw
Vehumet
Wu Jian
Xom
Yredelemnul
Zin
The Shining One

Annotations:
D:6 2 runed translucent doors, PeterQ's ghost, novice GnAs


Message History

You feel sick. You block the queen bee's attack.
You hit the queen bee.
You kill the queen bee!
Kikubaaqudgha accepts your kill.
* * * LOW HITPOINT WARNING * * *
You feel sick.
Casting: Vampiric Draining (safe; 1% risk of failure)
Confirm with . or Enter, or press ? or * to list all spells.
You can't see any susceptible monsters within range! (Use Z to cast anyway.) Unknown command.
Really quaff the potion of lignification?
You turn into a tree.
Your scarf of cloud immunity melds into your body.
Your +2 helmet melds into your body.
Your +0 pair of gloves melds into your body.
Your +0 leather armour melds into your body.
You feel vulnerable to the effects of clouds.
Your roots penetrate the ground.
You die...
Kikubaaqudgha rasps: "You have failed me!
Welcome... death!"

.....................#.....#
.....................#.....#
.....................#.....#
.......##.....##.....#.....#
.......##########'####.....#
........ ............'.....#
........ ............#.....+
........ ............#.....#
######## ....##♣.<..#.....##
.... #.....#......# ...
#.....#...÷..# ..
#.....#......#
......#......#
.......#......#
.##.....#......+ ..
#.....#......# #......#


There were no monsters in sight!

Vanquished Creatures
  Pikel (D:7)
  A queen bee (D:10)
  A hippogriff (D:7)
  A water moccasin (D:7)
  A phantom (D:3)
  An ice beast (D:6)
  2 sky beasts
  4 slaves (D:7)
  A hornet zombie (Ossuary)
  An ogre (D:4)
  4 centaurs
  Blork the orc (D:4)
  4 bullfrogs
  5 wights (D:6)
  10 killer bees
  A howler monkey (D:4)
  3 crimson imps
  3 centaur zombies (Ossuary)
  5 bullfrog zombies
  An orc priest (D:7)
  5 hounds
  An orc wizard (D:4)
  A bullfrog skeleton (D:7)
  2 iguanas
  Ijyb (D:5)
  4 worker ants
  3 killer bee zombies (Ossuary)
  A hound zombie (Ossuary)
  10 mummies (Ossuary)
  4 worker ant zombies
  12 adders
  2 shadow imps
  An ooze (D:2)
  8 adder zombies
  An adder skeleton (D:4)
  9 worms
  6 dart slugs
  3 leopard geckos
  8 orcs
  A ball python (D:1)
  10 bats
  8 giant cockroaches
  2 goblins
  10 hobgoblins
  14 jackals
  8 quokkas
  3 frilled lizards
  4 kobolds
  2 leopard gecko zombies (Ossuary)
  3 quokka zombies (Ossuary)
  12 rats
210 creatures vanquished.

Vanquished Creatures (collateral kills)
  2 killer bees (D:10)
  An orc priest (D:7)
  An adder (D:6)
  2 orcs
  2 jackals
8 creatures vanquished.

Vanquished Creatures (others)
  A withered plant (Ossuary)
1 creature vanquished.

Grand Total: 219 creatures vanquished

Notes
Turn   | Place    | Note
-------+----------+-------------------------------------------
     0 | D:1      | Krouwed the Human Necromancer began the quest for the Orb.
     0 | D:1      | Reached XP level 1. HP: 13/13 MP: 3/3
   507 | D:1      | Reached XP level 2. HP: 16/19 MP: 0/5
  1130 | D:1      | Reached XP level 3. HP: 12/24 MP: 4/6
  1133 | D:1      | Learned a level 1 spell: Animate Skeleton
  1137 | D:1      | Learned a level 3 spell: Vampiric Draining
  1565 | D:2      | Reached skill level 5 in Necromancy
  2260 | D:2      | Reached XP level 4. HP: 18/30 MP: 0/7
  3114 | D:3      | Found a white marble altar of Elyvilon.
  3251 | D:3      | Reached skill level 1 in Shields
  3251 | D:3      | Reached XP level 5. HP: 18/35 MP: 1/8
  3870 | D:3      | Noticed an ogre
  3900 | D:3      | Reached skill level 6 in Necromancy
  4150 | D:3      | Found a basalt altar of Yredelemnul.
  4658 | D:4      | Reached XP level 6. HP: 27/41 MP: 0/9
  5032 | D:4      | Noticed a phantom
  5045 | D:4      | Noticed an ogre
  5178 | D:4      | Learned a level 4 spell: Animate Dead
  5366 | D:3      | Killed a phantom
  5366 | D:3      | Reached XP level 7. HP: 19/46 MP: 10/10
  5677 | D:4      | Found a staircase to the Ecumenical Temple.
  5696 | Temple   | Entered the Ecumenical Temple
  5701 | Temple   | Became a worshipper of Kikubaaqudgha
  5761 | D:4      | Reached skill level 7 in Necromancy
  6279 | D:5      | Entered Level 5 of the Dungeon
  6323 | D:5      | Noticed Blork the orc
  6341 | D:4      | Killed Blork the orc
  6459 | D:5      | Reached skill level 8 in Necromancy
  6522 | D:5      | Reached XP level 8. HP: 48/52 MP: 6/11
  6536 | D:5      | Got a crystal falchion
  6537 | D:5      | Identified the +6 falchion of the Pits of Slime {slice,
                  | rElec Str+3} (You found it on level 5 of the Dungeon)
  6624 | D:5      | Reached skill level 1 in Fighting
  6810 | D:5      | Noticed Ijyb
  6816 | D:5      | Killed Ijyb
  7281 | D:5      | Noticed a moth of wrath
  7283 | D:5      | Found a bloodstained altar of Trog.
  7296 | D:5      | Reached * piety under Kikubaaqudgha
  7296 | D:5      | Identified Kikubaaqudgha's Compendium of Unholy Rituals
                  | (Kikubaaqudgha gifted it to you on level 5 of the Dungeon)
  7296 | D:5      | Received a gift from Kikubaaqudgha
  7513 | D:5      | Found an iron altar of Okawaru.
  7653 | D:6      | Found a sand-covered staircase.
  7662 | Ossuary  | Entered an ossuary
  8098 | Ossuary  | Reached ** piety under Kikubaaqudgha
  8526 | Ossuary  | Reached skill level 9 in Necromancy
  8526 | Ossuary  | Reached XP level 9. HP: 64/64 MP: 14/14
  9108 | D:6      | Reached skill level 5 in Spellcasting
  9159 | D:6      | Found a runed translucent door.
  9160 | D:6      | Noticed PeterQ's ghost (novice GnAs)
  9235 | D:6      | Reached skill level 5 in Fighting
  9366 | D:6      | Found a stormy altar of Qazlal.
  9421 | D:6      | Found a runed translucent door.
  9469 | D:7      | Reached skill level 5 in Shields
  9579 | D:7      | Noticed a hippogriff
  9602 | D:7      | Killed a hippogriff
  9679 | D:7      | Found a glowing silver altar of Zin.
  9684 | D:7      | Reached *** piety under Kikubaaqudgha
  9684 | D:7      | Identified Kikubaaqudgha's Tome of Darkness (Kikubaaqudgha
                  | gifted it to you on level 7 of the Dungeon)
  9684 | D:7      | Received a gift from Kikubaaqudgha
  9692 | D:7      | Learned a level 5 spell: Dispel Undead
  9710 | D:7      | Reached XP level 10. HP: 65/74 MP: 18/18
  9859 | D:7      | Found a shattered altar of Ashenzari.
  9893 | D:7      | Noticed Pikel
 10027 | D:7      | Killed Pikel
 10027 | D:7      | Reached skill level 10 in Necromancy
 10079 | D:7      | You fall into a shaft and drop 3 floors!
 10079 | D:10     | Entered Level 10 of the Dungeon
 10769 | D:10     | HP: 2/76 [poisoned by a queen bee]
 10771 | D:10     | Succumbed to a queen bee's poison

Levels and vault maps discovered:
D:1:      dpeg_arrival_brainrot, layout_loops_ring, minivault_24
D:2:      layout_basic, serial_bayou_pond_d, minmay_quadrilaterals
D:3:      layout_loops_ring, kennysheep_ying_yang
D:4:      layout_basic, temple_green, first_ration
D:5:      layout_rooms, tgw_trog, nicolae_overflow_hidden_temple,
          corner_web_ring, guppyfry_early_lair_pool, uniq_blork_the_orc,
          uniq_ijyb
D:6:      layout_basic, nicolae_qazlal_general_emergency, ebering_ghost_sewer_f,
          nicolae_ossuary_entry_monument, minmay_manual_mandibuliform
D:7:      gammafunk_the_bubble [the_bubble_gammafunk_plus_minus],
          layout_layer_cave, zin_statuary, basic_altar, uniq_pikel
D:9:      layout_loops_ring, dpeg_lair_monsters, erik_orc_1, serial_shops, shop,
          david_nohive_1
D:10:     layout_gridville, ebering_ghost_disaster_area, uniq_urug,
          uniq_gastronok
Temple:   minmay_freezing_vapour_temple

Skill      XL: |  1  2  3  4  5  6  7  8  9 10 |
---------------+-------------------------------+-----
Necromancy     | 5 6 8 9 10 | 10.3
Shields        | 1 2 3 4 5 7 |  7.5
Fighting       | 3 5 6 |  6.3
Spellcasting   | 3 5 6 |  6.2
Dodging        | |  2.0
Stealth        | |  2.0

Action                   |  1- 3 |  4- 6 |  7- 9 | 10-12 || total
-------------------------+-------+-------+-------+-------++-------
Melee: Unarmed           |     3 |       |       |       ||     3
       Whip              |    53 |    23 |       |       ||    76
       Mace              |     3 |       |       |       ||     3
       Short sword       |       |   149 |    17 |       ||   166
       Falchion          |       |       |   268 |    70 ||   338
Throw: Dart              |       |     9 |     9 |     1 ||    19
       Javelin           |       |       |       |     1 ||     1
 Cast: Pain              |    75 |    19 |    60 |     8 ||   162
       Vampiric Draining |     1 |    10 |    15 |    18 ||    44
       Animate Skeleton  |       |     9 |     3 |       ||    12
       Animate Dead      |       |       |     6 |     6 ||    12
Evoke: Wand              |       |       |     3 |     1 ||     4
  Use: Scroll            |       |       |    17 |       ||    17
       Potion            |       |       |     8 |     3 ||    11
 Stab: Sleeping          |       |     1 |     1 |     1 ||     3
       Distracted        |       |       |     1 |     1 ||     2
  Eat: Chunk             |     2 |     7 |    22 |       ||    31
       Ration            |     1 |     2 |       |       ||     3
Armor: Robe              |    35 |    22 |    11 |       ||    68
       Skin              |       |       |    22 |       ||    22
       Leather armour    |       |       |    45 |    34 ||    79
Dodge: Dodged            |    61 |    94 |   162 |    86 ||   403
Block: Buckler           |       |    18 |    73 |    40 ||   131
       Rpst.: Falchion   |       |       |    49 |    27 ||    76

Table legend:
 A = Non-vault XP
 B = Vault XP
 C = Vault XP percentage of total XP
 D = Non-vault monster count
 E = Vault monster count
 F = Vault count percentage of total count
                 A         B        C        D         E       F
            +---------+---------+-------+---------+---------+-------
      Total |    3018 |    2939 |  49.3 |     142 |      72 |  33.6
            +---------+---------+-------+---------+---------+-------
        D:1 |      25 |       5 |  16.7 |      13 |       1 |   7.1
        D:2 |      72 |      19 |  20.9 |      24 |       6 |  20.0
        D:3 |     239 |       0 |   0.0 |      31 |       0 |   0.0
        D:4 |     402 |      94 |  19.0 |      16 |       1 |   5.9
        D:5 |     331 |      86 |  20.6 |      12 |       9 |  42.9
        D:6 |     906 |     287 |  24.1 |      26 |       5 |  16.1
        D:7 |     919 |     586 |  38.9 |      16 |       1 |   5.9
        D:9 |      34 |      61 |  64.2 |       1 |       1 |  50.0
       D:10 |      90 |     918 |  91.1 |       3 |      12 |  80.0
    Ossuary |       0 |     883 | 100.0 |       0 |      36 | 100.0
            +---------+---------+-------+---------+---------+-------
